 Dungeon Crawl Stone Soup version 0.30-a0-739-gea05faddec (webtiles) character file.

Game seed: 2465415901246298397

797 junb69 the Changer (level 7, -1/47 HPs)
             Began as an Octopode Transmuter on Feb 4, 2023.
             Slain by an orc
             ... wielding a +0 flail
              (10 damage)
             ... on level 5 of the Dungeon.
             The game lasted 00:09:00 (4560 turns).

junb69 the Changer (Octopode Transmuter)            Turns: 4560, Time: 00:09:01

Health: -1/47      AC:  1    Str:  9    XL:     7   Next: 89%
Magic:  20/20      EV: 13    Int: 17    God:
Gold:   303        SH:  4    Dex: 13    Spells: 5/12 levels left

rFire   . . .      SeeInvis .      - Unarmed
rCold   . . .      Faith    .    (no shield)
rNeg    + . .      Spirit   .    (helmet currently unavailable)
rPois   .          Reflect  .    (no amulet)
rElec   .          Harm     .    k - ring of magical power
rCorr   .          Rampage  .    u - ring of positive energy
Will    .....                    (no ring)
Stlth   ++                       (no ring)
HPRegen 0.27/turn                (no ring)
MPRegen 0.17/turn                (no ring)
                                 (no ring)
                                 (no ring)

@: appendages
A: tentacle spike 3, almost no armour, amphibious, 8 rings, camouflage 1,
gelatinous body 1, (nimble swimmer 1), tentacles, large bone plates 1, no potion
heal 1
a: End Transformation


You were on level 5 of the Dungeon.
One of your tentacles had grown a beastly spike.
You visited 1 branch of the dungeon, and saw 5 of its levels.

You collected 303 gold pieces.

Inventory:

Jewellery
 k - a ring of magical power (left tentacle)
 r - an amulet of faith
 u - a ring of positive energy (right tentacle)
Wands
 b - a wand of flame (26)
 f - a wand of iceblast (5)
 n - a wand of digging (4)
 s - a wand of mindburst (9)
Scrolls
 c - a scroll of magic mapping {unknown}
 d - a scroll of teleportation {unknown}
 e - a scroll of blinking {unknown}
 h - a scroll of enchant armour {unknown}
 i - 5 scrolls of identify {unknown}
 j - a scroll of poison {unknown}
 l - a scroll of torment {unknown}
 m - a scroll of silence {unknown}
 t - a scroll of noise {unknown}
Potions
 a - a potion of lignification
 g - a potion of might {unknown}
 o - a potion of invisibility {unknown}
 p - a potion of cancellation {unknown}
 q - a potion of degeneration {unknown}
 v - 2 potions of ambrosia {unknown}


   Skills:
 * Level 3.9 Fighting
 - Level 2.0 Dodging
 * Level 4.0 Unarmed Combat
 - Level 3.1 Spellcasting
 - Level 5.0 Transmutations
 - Level 4.2 Ice Magic


You had 5 spell levels left.
You knew the following spells:

 Your Spells              Type           Power      Damage    Failure   Level
a - Beastly Appendage     Tmut           38%        N/A       2%          1
b - Ice Form              Ice/Tmut       18%        N/A       26%         4
c - Ensorcelled Hibernat  Hex/Ice        18%        N/A       11%         2

Your spell library contained the following spells:

 Spells                   Type           Power      Damage    Failure   Level
 Wereblood                Tmut           19%        N/A       3%          2
 Passwall                 Tmut/Erth      9%         N/A       10%         2
 Spider Form              Tmut/Pois      11%        N/A       19%         3
 Kindle Blastsparks       Fire/Tloc/Air  4%         2d10      45%         3
 Swiftness                Air            2%         N/A       45%         3
 Fulminant Prism          Conj/Hex       1%         3d5       86%         4
 Iskenderun's Mystic Bla  Conj/Tloc      2%         2d3       86%         4
 Lee's Rapid Deconstruct  Erth           1%         3d4*      99%         5
 Chain Lightning          Conj/Air       1%         3d1       100%        9
 Fire Storm               Conj/Fire      1%         7d1       100%        9
 Shatter                  Erth           1%         3d5*      100%        9


Dungeon Overview and Level Annotations

Branches:
Dungeon (5/15)
 Temple: D:4-7

Altars:
Elyvilon
Nemelex Xobeh
Okawaru
Xom
Zin

Shops:
D:1 (


Innate Abilities, Weirdness & Mutations

One of your tentacles has grown a beastly spike.
You cannot wear most types of armour.
You are amphibious.
You can wear up to eight rings at the same time.
Your skin changes colour to match your surroundings (Stealth+).
Your rubbery body absorbs attacks. (AC +1, EV +1)
((You are camouflaged when in or above water. (Stealth+)))
You have tentacles for arms and can constrict up to eight enemies at once.
You are partially covered in large bone plates. (SH +4)
Potions are less effective at restoring your health.


Message History

You resist with some effort. The orc closely misses you.
Casting: Ice Form (quite dangerous; 26% risk of failure)
Confirm with . or Enter, or press ? or * to list all spells.
One of your tentacles grows a vicious spike.
You constrict the orc wizard. The orc hits you with a +0 flail.
The orc wizard closely misses you. You block the orc's attack.
You tentacle-slap the orc wizard.
The orc wizard is almost dead.
You constrict the orc wizard.
You kill the orc wizard!
The orc hits you with a +0 dagger. The orc closely misses you.
Your Unarmed Combat skill increases to level 4!
You tentacle-slap the orc but do no damage.
You grab the orc. You constrict the orc. The orc hits you with a +0 dagger.
The orc barely misses you.
You tentacle-slap the orc.
You pierce the orc.
You kill the orc!
The orc barely misses you.
You tentacle-slap the orc but do no damage.
Your grab misses the orc.
Your tentacle spike misses the orc.
You block the orc's attack.
You barely miss the orc. Your grab misses the orc.
You pierce the orc.
The orc is lightly wounded.
You block the orc's attack.
You closely miss the orc. Your grab misses the orc.
Your tentacle spike misses the orc.
The orc is lightly wounded.
You tentacle-slap the orc but do no damage.
Your grab misses the orc. Your squeeze misses the orc.
The orc is lightly wounded.
The orc hits you with a +0 flail.
You tentacle-slap the orc but do no damage.
Your grab misses the orc. Your squeeze misses the orc.
The orc hits you with a +0 flail.
* * * LOW HITPOINT WARNING * * *
You tentacle-slap the orc but do no damage.
Your grab misses the orc.
You pierce the orc.
The orc is heavily wounded.
The orc hits you with a +0 flail!
You die...

##........#####...####....#
#.....)<.......###........#
#......))..#####.#.####..#.#
##.......#.#.####.##
##.....##..(.###.#
##....##.(......#
#..#.##....#####
#..#.##.#......# #..#...
#)@###.# #.. #o)# #. #..# #
#... ..## ###


You could see an orc.

Vanquished Creatures
  A water moccasin (D:4)
  An ice beast (D:5)
  An ogre (D:4)
  A howler monkey (D:4)
  A jelly (D:5)
  A hound (D:4)
  An orc priest (D:3)
  2 iguanas (D:4)
  8 orc wizards
  4 gnolls (D:2)
  2 adders
  A dart slug (D:1)
  15 orcs
  7 ball pythons
  4 bats
  6 endoplasms
  2 giant cockroaches (D:2)
  5 goblins
  7 hobgoblins
  2 frilled lizards
  10 kobolds
  5 rats
87 creatures vanquished.

Vanquished Creatures (others)
  2 plants (D:3)
2 creatures vanquished.

Grand Total: 89 creatures vanquished

Notes
Turn   | Place    | Note
-------+----------+-------------------------------------------
     0 | D:1      | junb69 the Octopode Transmuter began the quest for the Orb.
     0 | D:1      | Reached XP level 1. HP: 13/13 MP: 3/3
     5 | D:1      | Found a faded altar of an unknown god.
   162 | D:1      | Found Leasch's Weapon Boutique.
   314 | D:1      | Reached XP level 2. HP: 18/18 MP: 3/5
  1280 | D:2      | Reached XP level 3. HP: 16/23 MP: 6/6
  1611 | D:2      | Reached skill level 3 in Transmutations
  1774 | D:2      | Reached XP level 4. HP: 13/28 MP: 8/8
  1779 | D:2      | Learned a level 4 spell: Ice Form
  2343 | D:3      | Reached skill level 1 in Ice Magic
  2343 | D:3      | Gained mutation: Your spells are a little easier to cast,
                  | but a little less powerful. [potion of mutation]
  2391 | D:3      | Lost mutation: Your spells are a little easier to cast, but
                  | a little less powerful. [potion of mutation]
  2391 | D:3      | Gained mutation: You are partially covered in large bone
                  | plates. (SH +4) [potion of mutation]
  2391 | D:3      | Gained mutation: You are robust. (+10% HP) [potion of
                  | mutation]
  2391 | D:3      | Gained mutation: Potions are less effective at restoring
                  | your health. [potion of mutation]
  2474 | D:3      | Identified the +2 helmet of Music {Drain +Inv rElec rC-}
  2482 | D:3      | Found a shimmering altar of Xom.
  2511 | D:3      | Found a sparkling altar of Nemelex Xobeh.
  2877 | D:3      | Reached XP level 5. HP: 23/36 MP: 9/9
  2904 | D:3      | Reached skill level 4 in Transmutations
  3329 | D:4      | Noticed an ogre
  3370 | D:4      | Found a glowing silver altar of Zin.
  3474 | D:4      | Found a white marble altar of Elyvilon.
  3511 | D:4      | Noticed a water moccasin
  3525 | D:4      | Reached XP level 6. HP: 18/41 MP: 10/10
  3532 | D:4      | Killed a water moccasin
  3540 | D:4      | Reached skill level 5 in Transmutations
  3784 | D:4      | Found an iron altar of Okawaru.
  3932 | D:4      | Learned a level 2 spell: Ensorcelled Hibernation
  3974 | D:4      | Reached XP level 7. HP: 49/49 MP: 11/11
  4250 | D:5      | Entered Level 5 of the Dungeon
  4314 | D:4      | Lost mutation: You are robust. (+10% HP) [mutagenic glow]
  4560 | D:5      | Slain by an orc

Illustrated notes

Levels and vault maps discovered:
D:1:      heliophobic_arrival_henge, layout_basic, serial_shops,
          nicolae_diamond_shop, hellmonk_ecumenical_altar_pennies_from_heaven
D:2:      layout_loops_corners
D:3:      layout_loops_ring, mainiacjoe_overflow_cross_hatched,
          nemelex_xobeh_ov_fountains_minmay
D:4:      layout_rooms, mainiacjoe_overflow_catwalk, zin_scriptorium,
          mainiacjoe_overflow_paths
D:5:      layout_loops_ring, minmay_temple_entry_offerings

Skill      XL: |  1  2  3  4  5  6  7 |
---------------+----------------------+-----
Transmutations | 3 4 5 |  5.0
Spellcasting   | 3 |  3.1
Ice Magic      | 1 2 3 4 |  4.2
Fighting       | 2 3 |  3.9
Unarmed Combat | 4 |  4.0
Dodging        | |  2.0

Action                     |  1- 3 |  4- 6 |  7- 9 || total
---------------------------+-------+-------+-------++-------
  Melee: Unarmed           |    64 |   124 |    44 ||   232
         Kick              |    12 |    21 |     3 ||    36
         Constrict         |    19 |    17 |     4 ||    40
         Tentacles         |    11 |    15 |     3 ||    29
         Punch             |       |     1 |       ||     1
   Cast: Beastly Appendage |    24 |    22 |     1 ||    47
         Ice Form          |       |     4 |     5 ||     9
  Evoke: Wand              |       |       |     2 ||     2
    Use: Potion            |       |     7 |       ||     7
   Stab: Sleeping          |     7 |     3 |       ||    10
         Distracted        |       |     1 |       ||     1
 Armour: Skin              |     7 |    25 |     9 ||    41
  Dodge: Dodged            |    46 |    41 |    18 ||   105
  Block: Other             |       |     2 |     5 ||     7

Table legend: (Time is in decaauts)
 A = Elapsed time spent in this place.
 B = Non-inter-level travel time spent in this place.
 C = Inter-level travel time spent in this place.
 D = Time resting spent in this place.
 E = Time spent auto-exploring this place.
 F = Levels seen in this place.
 G = Mean time per level.
                   A        B        C        D        E       F      G
               +--------+--------+--------+--------+--------+-----+--------+
         Total |   4510 |   4388 |    122 |    744 |   2796 |   5 |  902.0 |
       Dungeon |   4510 |   4388 |    122 |    744 |   2796 |   5 |  902.0 |
               +--------+--------+--------+--------+--------+-----+--------+

Top non-repeatable levels by time:
     D:2: 1229 daAuts
     D:4: 1111 daAuts
     D:3: 1011 daAuts
     D:1: 1006 daAuts
     D:5: 150 daAuts
